 Dungeon Crawl Stone Soup version 0.19.1-1-g22dce08 (webtiles) character file.

389 dngmouse the Fighter (level 6, 0/62 HPs)
             Began as a Hill Orc Wanderer on Jan 20, 2017.
             Was an Initiate of Okawaru.
             Slain by an orc wizard
             ... wielding a +0 dagger
              (2 damage)
             ... on level 4 of the Dungeon.
             The game lasted 00:11:52 (3743 turns).

dngmouse the Fighter (Hill Orc Wanderer)            Turns: 3743, Time: 00:11:52

Health: 0/62       AC:  5    Str: 16    XL:     6   Next: 79%
Magic:  6/6        EV: 12    Int: 13    God:    Okawaru [......]
Gold:   234        SH:  0    Dex: 13    Spells: 0 memorised, 5 levels left

rFire  . . .     SeeInvis .     a - +2 mace
rCold  . . .     Gourm    .     b - +0 ring mail
rNeg   . . .     Faith    .     (no shield)
rPois  .         Spirit   .     (no helmet)
rElec  .         Reflect  .     (no cloak)
rCorr  .         Harm     .     (no gloves)
MR     .....                    (no boots)
Stlth  +.........               (no amulet)
                                q - +2 ring of evasion
                                p - +3 ring of strength

@: no status effects
A: no striking features
a: Renounce Religion


You were on level 4 of the Dungeon.
You worshipped Okawaru.
Okawaru was noncommittal.
You were hungry.

You visited 2 branches of the dungeon, and saw 5 of its levels.

You collected 234 gold pieces.

Inventory:

Hand Weapons
 a - a +2 mace (weapon)
Armour
 b - a +0 ring mail (worn)
Jewellery
 p - a +3 ring of strength (left hand)
 q - a +2 ring of evasion (right hand)
 r - an uncursed ring of resist corrosion
Scrolls
 j - 2 scrolls of remove curse
 k - 9 scrolls of identify {unknown}
 l - a scroll of enchant weapon {unknown}
 m - 2 scrolls of blinking {unknown}
 n - 2 scrolls of immolation {unknown}
 o - a scroll of random uselessness {unknown}
 s - a scroll of fear {unknown}
 w - a scroll of teleportation {unknown}
Potions
 c - a potion of curing
 e - 2 potions of brilliance {unknown}
 f - a potion of heal wounds
 u - a potion of degeneration {unknown}
 x - a potion of resistance {unknown}
 z - a potion of agility {unknown}
Comestibles
 d - 3 bread rations
 g - a royal jelly
 i - a beef jerky
 t - a meat ration


   Skills:
 + Level 8.7 Fighting
   Level 1.0 Short Blades
 - Level 2.5 Maces & Flails
 - Level 1.2 Armour
 - Level 1.0 Stealth
   Level 1.1 Shields
   Level 1.0 Evocations


You had 5 spell levels left.
You didn't know any spells.

Dungeon Overview and Level Annotations

Branches:
Dungeon (4/15)             Temple (1/1) D:4

Altars:
Ashenzari
Cheibriados
Dithmenos
Gozag
Kikubaaqudgha
Makhleb
Nemelex Xobeh
Okawaru
Trog
Uskayaw
Vehumet
Xom
Yredelemnul
Zin
The Shining One


Message History

* * * LOW HITPOINT WARNING * * *
Something hits you.
* * * LOW HITPOINT WARNING * * *
The orc priest shouts, "Surrender to Beogh and we'll let you live!"
You sock the orc priest!
You kill the orc priest!
Okawaru accepts your kill. Something hits you but does no damage.
You closely miss something. Something hits you.
* * * LOW HITPOINT WARNING * * *
Unknown command.
You closely miss something.
You hear some strange, mumbled words.
A magic dart appears from out of thin air!
The magic dart hits you!
* * * LOW HITPOINT WARNING * * *
You closely miss something.
Something hits you but does no damage. x2
You miss something. Something hits you but does no damage.
You hit something. Something hits you.
You die...

####'####...........#
#...................#
#...................#
#...............#####
#...............#
#.......).......#
#...............#
#.....[{........#
#.....@)....#####
#.......(...###
###'##+##.....#
#.##.##.....#
##....##.....#
#.....##.....#
#.##.###.....# #.##.#
#.....# #.##.#
#.....#


There were no monsters in sight!

Vanquished Creatures
  A phantom (D:4)
  A scorpion (D:4)
  An orc priest (D:4)
  2 orc wizards
  2 worker ants (D:4)
  3 adders (D:3)
  A shadow imp (D:4)
  2 worms
  A dart slug (D:1)
  2 leopard geckos
  13 orcs
  A giant cockroach (D:1)
  4 goblins
  3 hobgoblins (D:1)
  8 jackals
  A ball python (D:3)
  5 bats
  4 frilled lizards
  10 kobolds
  5 rats
70 creatures vanquished.

Vanquished Creatures (others)
  An orc (D:3)
1 creature vanquished.

Grand Total: 71 creatures vanquished

Notes
Turn   | Place    | Note
-------+----------+-------------------------------------------
     0 | D:1      | dngmouse the Hill Orc Wanderer began the quest for the Orb.
     0 | D:1      | dngmouse set off with: a +2 mace, a +0 ring mail, a potion of curing, a bread ration
     0 | D:1      | Reached XP level 1. HP: 19/19 MP: 1/1
   109 | D:1      | Reached XP level 2. HP: 18/27 MP: 2/2
   174 | D:1      | Reached skill level 4 in Fighting
   656 | D:1      | Reached XP level 3. HP: 32/34 MP: 3/3
  1263 | D:3      | Reached skill level 5 in Fighting
  1404 | D:3      | Reached XP level 4. HP: 31/42 MP: 4/4
  1814 | D:3      | Reached skill level 6 in Fighting
  1817 | D:3      | Reached XP level 5. HP: 14/51 MP: 5/5
  2784 | D:4      | Noticed a phantom
  2809 | D:4      | Killed a phantom
  2809 | D:4      | Reached skill level 7 in Fighting
  2936 | D:4      | Found a staircase to the Ecumenical Temple.
  2950 | Temple   | Entered the Ecumenical Temple
  3022 | Temple   | Became a worshipper of Warmaster Okawaru
  3074 | D:4      | Reached XP level 6. HP: 60/60 MP: 6/6
  3111 | D:4      | Reached skill level 8 in Fighting
  3408 | D:4      | HP: 3/62 [poisoned by a worker ant]
  3416 | D:4      | HP: 3/62 [poisoned by a worker ant]
  3740 | D:4      | HP: 1/62 [something/magic dart (5)]
  3743 | D:4      | Slain by an orc wizard

Skill      XL: |  1  2  3  4  5  6 |
---------------+-------------------+-----
Fighting       | 4 5 6 7 8 |  8.7
Short Blades   | |  1.0
Maces & Flails | |  2.5
Armour         | |  1.2
Stealth        | |  1.0
Shields        | |  1.1
Evocations     | |  1.0

Action                   |  1- 3 |  4- 6 || total
-------------------------+-------+-------++-------
Melee: Mace              |   126 |   153 ||   279
  Use: Potion            |     3 |     2 ||     5
       Scroll            |       |     2 ||     2
 Stab: Invisible         |       |     1 ||     1
  Eat: Chunk             |     2 |     4 ||     6
       Pizza             |       |     1 ||     1
       Beef jerky        |       |     1 ||     1
Armor: Ring mail         |    69 |    58 ||   127
Dodge: Dodged            |   155 |   108 ||   263
